 Dungeon Crawl Stone Soup version 0.30-a0-629-gd54f4be4f7 (webtiles) character file.

Game seed: 16886590636071215803

72 Dittersdorf the Covered (level 4, -12/29 HPs)
             Began as a Gargoyle Fighter on Jan 12, 2023.
             Mangled by a hobgoblin
             ... wielding the +12 dagger "Gapafon" {pain, +Blink MP+9 Dex+2}
              (15 damage)
             ... on level 2 of the Dungeon.
             The game lasted 00:02:39 (1857 turns).

Dittersdorf the Covered (Gargoyle Fighter)          Turns: 1857, Time: 00:02:39

Health: -12/29     AC: 11    Str: 22    XL:     4   Next: 25%
Magic:  4/4        EV:  9    Int:  8    God:
Gold:   149        SH:  4    Dex:  9    Spells: 3/3 levels left

rFire   . . .      SeeInvis .    a - +0 flail
rCold   . . .      Faith    .    c - +0 buckler
rNeg    + . .      Spirit   .    b - +0 scale mail
rPois   ∞          Reflect  .    (no helmet)
rElec   +          Harm     .    h - +0 cloak
rCorr   .          Rampage  .    (no gloves)
Will    .....                    (no boots) Stlth
                                 (no amulet)
HPRegen 0.24/turn                (no ring)
MPRegen 0.09/turn                (no ring)

@: no status effects
A: sickness immunity, AC +3, negative energy resistance 1, electricity
resistance, torment resistance 1, petrification resistance
a: no special abilities


You were on level 2 of the Dungeon.
You visited 1 branch of the dungeon, and saw 2 of its levels.

You collected 149 gold pieces.

Inventory:

Hand Weapons
 a - a +0 flail (weapon)
Armour
 b - a +0 scale mail (worn)
 c - a +0 buckler (worn)
 h - a +0 cloak (worn)
Scrolls
 e - a scroll of poison {unknown}
 f - a scroll of fog {unknown}
 g - 4 scrolls of teleportation {unknown}
 i - a scroll of enchant weapon {unknown}
 j - a scroll of immolation {unknown}
 l - 2 scrolls of amnesia {unknown}
 m - 3 scrolls of silence {unknown}
 p - 2 scrolls of identify {unknown}
Potions
 d - a potion of might
 k - a potion of brilliance {unknown}
 n - a potion of cancellation {unknown}
 o - a potion of curing {unknown}


   Skills:
 + Level 3.9 Fighting
 + Level 2.7 Maces & Flails
 + Level 4.0 Armour
 + Level 3.9 Shields


You had 3 spell levels left.
You didn't know any spells.
Your spell library contained the following spells:

 Spells                   Type           Power      Damage    Failure   Level
 Foxfire                  Conj/Fire      0%         2x1d4     82%         1
 Poisonous Vapours        Pois/Air       0%         N/A       91%         2
 Mephitic Cloud           Conj/Pois/Air  0%         N/A       99%         3
 Fireball                 Conj/Fire      0%         3d3       100%        5
 Starburst                Conj/Fire      0%         6d3       100%        6
 Cigotuvi's Dreadful Rot  Necr/Pois/Air  Unusable   N/A       N/A         2

Dungeon Overview and Level Annotations

Branches:
Dungeon (2/15)

Altars:


Innate Abilities, Weirdness & Mutations

You are immune to sickness and miasma.
Your stone body is resilient. (AC +3)
You are immune to poison.
You resist negative energy. (rN+)
You are resistant to electric shocks. (rElec)
You are resistant to unholy torment.
You are immune to petrification.


Message History

The gnoll is moderately wounded.
The hobgoblin hits you but does no damage.
The gnoll barely misses you.
You closely miss the gnoll.
The gnoll is moderately wounded.
The hobgoblin hits you with the +12 dagger "Gapafon" {pain, +Blink MP+9 Dex+2}.
You block the gnoll's attack.
The hobgoblin hits you with the +12 dagger "Gapafon" {pain, +Blink MP+9 Dex+2}!
You block the gnoll's attack.
You hit the gnoll but do no damage.
The gnoll is moderately wounded.
The hobgoblin completely misses you. The gnoll hits you with a +0 spear.
You closely miss the gnoll.
The gnoll is moderately wounded.
The hobgoblin hits you with the +12 dagger "Gapafon" {pain, +Blink MP+9 Dex+2}!
* * * LOW HITPOINT WARNING * * *
The gnoll hits you but does no damage.
You are too injured to fight recklessly!
You are too injured to fight recklessly!
You are too injured to fight recklessly!
You are too injured to fight recklessly!
You are too injured to fight recklessly!
You are too injured to fight recklessly!
You are too injured to fight recklessly!
You are too injured to fight recklessly!
You are too injured to fight recklessly!
You are too injured to fight recklessly!
You are too injured to fight recklessly!
You are too injured to fight recklessly!
You are too injured to fight recklessly!
You are too injured to fight recklessly!
You are too injured to fight recklessly!
You are too injured to fight recklessly!
You are too injured to fight recklessly!
The gnoll attacks as you move away! The gnoll hits you but does no damage.
The gnoll closely misses you.
There is a stone staircase leading up here.
The hobgoblin hits you with the +12 dagger "Gapafon" {pain, +Blink MP+9 Dex+2}!
Ouch! That really hurt!
You die...

#.##.##.#.####.# #....#.##
#.##.##.#.#.##.#######.##.#.##
#.##.##.#.#..#.#........#.#.##
#.##.##.#.#..#..........#.#.#
#.##.##.#.........g(###.#.#.#
#.##.##.#....##..g..###.#.#.#
#.##.##.#.#..g#.g.........#.#
#.##.##.#.#..g#.#######.###.#
#.##.##.#.#..@#.# #.###.#
#.##†##.#.#####.# #.g.#.#
#.##.##...#....(#########g#.##
#.##.######.######..........gg
#.##.##.....# #......####''
#.##.##.##### ##......#.....
#.##.##.# ###.......#.....
#.##.##.# #...#..#..#..⌠##
#.##.##'#######....#....#..###


You could see a gnoll and a hobgoblin.

Vanquished Creatures
  2 gnolls (D:1)
  5 endoplasms
  6 giant cockroaches
  6 goblins
  4 hobgoblins
  3 kobolds
  3 quokkas
  7 ball pythons
  6 bats
  A frilled lizard (D:2)
  4 rats
47 creatures vanquished.

Notes
Turn   | Place    | Note
-------+----------+-------------------------------------------
     0 | D:1      | Dittersdorf the Gargoyle Fighter began the quest for the
                  | Orb.
     0 | D:1      | Reached XP level 1. HP: 14/14 MP: 1/1
   116 | D:1      | Reached XP level 2. HP: 19/19 MP: 2/2
   589 | D:1      | Reached XP level 3. HP: 23/23 MP: 3/3
  1644 | D:2      | Identified the +12 dagger "Gapafon" {pain, +Blink MP+9
                  | Dex+2}
  1749 | D:1      | Reached XP level 4. HP: 5/29 MP: 4/4
  1757 | D:1      | Reached skill level 4 in Armour
  1857 | D:2      | Mangled by a hobgoblin

Illustrated notes

Levels and vault maps discovered:
D:1:      roderic_dead_forest, layout_loops_corners, kennysheep_minor_cross
D:2:      layout_basic, minmay_misc_feat_diagonals, solitary_fountain,
          kennysheep_generic_room_6

Skill      XL: |  1  2  3  4 |
---------------+-------------+-----
Armour         | 4 |  4.0
Fighting       | |  3.9
Maces & Flails | |  2.7
Shields        | |  3.9

Action                   |  1- 3 |  4- 6 || total
-------------------------+-------+-------++-------
Melee: Flail             |   148 |    13 ||   161
Armor: Scale mail        |   113 |    10 ||   123
Dodge: Dodged            |   105 |     7 ||   112
Block: Buckler           |    44 |     3 ||    47

Table legend: (Time is in decaauts)
 A = Elapsed time spent in this place.
 B = Non-inter-level travel time spent in this place.
 C = Inter-level travel time spent in this place.
 D = Time resting spent in this place.
 E = Time spent auto-exploring this place.
 F = Levels seen in this place.
 G = Mean time per level.
                   A        B        C        D        E       F      G
               +--------+--------+--------+--------+--------+-----+--------+
         Total |   1910 |   1861 |     49 |    115 |   1302 |   2 |  955.0 |
       Dungeon |   1910 |   1861 |     49 |    115 |   1302 |   2 |  955.0 |
               +--------+--------+--------+--------+--------+-----+--------+

Top non-repeatable levels by time:
     D:1: 1161 daAuts
     D:2: 749 daAuts
